 Dungeon Crawl Stone Soup version 0.29.0-5-ge4962eb29e (webtiles) character file.

Game seed: 18131860011073668454

543 nickcage the Conjurer (level 7, -6/50 HPs)
             Began as a Black Draconian Conjurer on Aug 29, 2022.
             Mangled by Blork the orc
             ... wielding a +2 short sword of speed
              (13 damage)
             ... on level 4 of the Dungeon.
             The game lasted 00:13:48 (4146 turns).

nickcage the Conjurer (Black Draconian Conjurer)    Turns: 4146, Time: 00:13:49

Health: -6/50      AC:  7    Str: 10    XL:     7   Next: 6%
Magic:  6/13       EV: 12    Int: 20    God:
Gold:   161        SH:  0    Dex:  9    Spells: 7/14 levels left

rFire   . . .      SeeInvis .   k - +0 long sword
rCold   . . .      Faith    .   (no shield)
rNeg    . . .      Spirit   .   (body armour unavailable)
rPois   .          Reflect  .   f - +1 hat
rElec   +          Harm     .   (no cloak)
rCorr   .          Rampage  .   (no gloves)
Will    .....                   (no boots)
Stlth   +.........              (no amulet)
HPRegen 0.16/turn               (no ring)
MPRegen 0.13/turn               (no ring)

@: confused, studying Poison Magic
A: breathe lightning, AC +6, unfitting armour, electricity resistance,
cold-blooded
a: Breathe Lightning


You were on level 4 of the Dungeon.
You visited 1 branch of the dungeon, and saw 4 of its levels.

You collected 161 gold pieces.

Inventory:

Hand Weapons
 b - a +0 dagger
 k - a +0 long sword (weapon)
Armour
 f - a +1 hat (worn)
Wands
 d - a wand of polymorph (6)
 m - a wand of flame (13)
Scrolls
 c - 2 scrolls of noise
 h - a scroll of fog {unknown}
 i - a scroll of fear {unknown}
 j - 3 scrolls of teleportation
 n - a scroll of poison
Potions
 a - a potion of magic
 e - a potion of brilliance
 g - 2 potions of haste
 l - a potion of curing {unknown}


   Skills:
 - Level 1.7 Dodging
 - Level 1.7 Stealth
 + Level 4.3 Spellcasting
 + Level 7.2 Conjurations
 - Level 1.0 Hexes


You had 7 spell levels left.
You knew the following spells:

 Your Spells              Type           Power      Damage    Failure   Level
a - Magic Dart            Conj           100%       1d8       1%          1
b - Searing Ray           Conj           66%        2d6       1%          2
c - Fulminant Prism       Conj/Hex       10%        3d9       22%         4

Your spell library contained the following spells:

 Spells                   Type           Power      Damage    Failure   Level
 Dazzling Flash           Conj/Hex       40%        N/A       7%          3
 Apportation              Tloc           8%         N/A       12%         1
 Freeze                   Ice            16%        1d4       12%         1
 Necrotise                Necr           16%        1d4       12%         1
 Summon Small Mammal      Summ           16%        N/A       12%         1
 Hailstorm                Conj/Ice       18%        3d6       28%         4
 Iskenderun's Mystic Bla  Conj/Tloc      18%        2d6       28%         4
 Frozen Ramparts          Ice            8%         1d2       36%         3
 Anguish                  Hex/Necr       3%         N/A       69%         4
 Enfeeble                 Hex            4%         N/A       100%        7


Dungeon Overview and Level Annotations

Branches:
Dungeon (4/15)
 Temple: D:4-7

Altars:
Cheibriados

Annotations:
D:4 Blork the orc


Innate Abilities, Weirdness & Mutations

You can breathe wild blasts of lightning.
Your glossy black scales are hard. (AC +6)
You cannot fit into any form of body armour.
You are resistant to electric shocks. (rElec)
You are cold-blooded and may be slowed by cold attacks.


Message History

The ball python bites you but does no damage.
The ball python closely misses you. Something hits you.
The ball python barely misses you. The ball python grabs you.
The ball python constricts you.
You escape the ball python's grasp.
Something hits you but does no damage.
You bump into the rock wall.
Something hits you but does no damage. Something hits you but does no damage.
The ball python barely misses you. The ball python misses you.
You hear some strange, mumbled words.
You are more confused.
Blork the orc drinks a potion.
Blork the orc seems to grow stronger.
The ball python barely misses you. The ball python grabs you.
The ball python constricts you.
You barely miss Blork the orc. You tail-slap Blork the orc.
Blork the orc is lightly wounded.
Blork the orc hits you with a +2 short sword of speed!
The ball python bites you but does no damage.
The ball python constricts you.
Blork the orc hits you with a +2 short sword of speed!
Something hits you. Blork the orc barely misses you.
The ball python barely misses you. The ball python constricts you.
You escape the ball python's grasp.
Blork the orc hits you with a +2 short sword of speed.
* * * LOW HITPOINT WARNING * * *
Blork the orc attacks as you move away!
Blork the orc hits you with a +2 short sword of speed.
* * * LOW HITPOINT WARNING * * *
Blork the orc screams, "I'll make a cloak from your skin!"
You bump into the rock wall.
Blork the orc points at you and mumbles some strange words.
The puff of flame hits you.
* * * LOW HITPOINT WARNING * * *
You hear some strange, mumbled words.
A magic dart appears from out of thin air!
The magic dart hits you.
* * * LOW HITPOINT WARNING * * *
Blork the orc hits you but does no damage.
Blork the orc attacks as you move away!
Blork the orc hits you with a +2 short sword of speed!
You die...

#### #...###########
.... ....... ...#
..##.# #..##.##@#
#..#.#o{# ####
#..ogS##### ... #
##.รท.o....##.#####.+
##.)####....#.....#
#)...)....##....#
#...#.)..##.....####
#.....##o#.........#
.....#####.o...$.....#


You could see Blork the orc (fast, strong), 2 orcs, a goblin and a ball python.

Vanquished Creatures
  Grinder (D:3)
  An ogre (D:4)
  An orc priest (D:4)
  A hound (D:4)
  An orc wizard (D:4)
  4 gnolls (D:2)
  8 adders
  4 orcs (D:4)
  8 endoplasms
  3 goblins
  7 hobgoblins
  11 jackals
  5 quokkas
  6 ball pythons
  5 bats
  4 frilled lizards
  6 kobolds
  6 rats
82 creatures vanquished.

Vanquished Creatures (others)
  A fulminant prism (D:4)
  5 plants (D:2)
6 creatures vanquished.

Grand Total: 88 creatures vanquished

Notes
Turn   | Place    | Note
-------+----------+-------------------------------------------
     0 | D:1      | nickcage the Draconian Conjurer began the quest for the
                  | Orb.
     0 | D:1      | Reached XP level 1. HP: 14/14 MP: 3/3
   325 | D:1      | Reached XP level 2. HP: 20/20 MP: 3/5
   328 | D:1      | Learned a level 2 spell: Searing Ray
  1214 | D:2      | Found a snail-covered altar of Cheibriados.
  1347 | D:2      | Reached XP level 3. HP: 26/26 MP: 0/6
  1394 | D:2      | Reached skill level 5 in Conjurations
  1669 | D:2      | Reached XP level 4. HP: 33/33 MP: 2/7
  2630 | D:3      | Learned a level 4 spell: Fulminant Prism
  2690 | D:3      | Reached XP level 5. HP: 38/38 MP: 6/9
  2877 | D:3      | Noticed Grinder
  2893 | D:3      | Paralysed by Grinder for 4 turns
  2913 | D:3      | Paralysed by Grinder for 5 turns
  2920 | D:3      | Killed Grinder
  2921 | D:3      | Reached skill level 6 in Conjurations
  2921 | D:3      | Reached skill level 1 in Hexes
  2921 | D:3      | Reached XP level 6. HP: 28/45 MP: 3/11
  3998 | D:4      | Reached skill level 7 in Conjurations
  4105 | D:4      | Your scales start taking on a glossy black colour.
  4105 | D:4      | Reached XP level 7. HP: 42/50 MP: 6/13
  4105 | D:4      | Gained mutation: You are resistant to electric shocks.
                  | (rElec) [Black Draconian growth]
  4127 | D:4      | Noticed Blork the orc
  4146 | D:4      | Mangled by Blork the orc

Illustrated notes

Levels and vault maps discovered:
D:1:      beargit_arrival_diablo_church, layout_loops_ring
D:2:      layout_loops_ring, serial_forest, infiniplex_forest_lined_room_,
          infiniplex_forest_clump_small, infiniplex_forest_lined_room_3,
          infiniplex_forest_lined_2, infiniplex_forest_clump_curved,
          infiniplex_forest_3_way, basic_altar,
          hangedman_abyss_or_decor_lesser_grid
D:3:      cheibrodos_helix_gallery, layout_basic, uniq_grinder
D:4:      layout_rooms, minmay_temple_entry_glassed_door, uniq_blork_the_orc

Skill      XL: |  1  2  3  4  5  6 |
---------------+-------------------+-----
Conjurations   | 5 6 7 |  7.2
Spellcasting   | 3 4 |  4.3
Hexes          | 1 |  1.0
Dodging        | |  1.7
Stealth        | |  1.7

Action                   |  1- 3 |  4- 6 |  7- 9 || total
-------------------------+-------+-------+-------++-------
Melee: Dagger            |    19 |     1 |       ||    20
       Tailslap          |     2 |     3 |     1 ||     6
       Unarmed           |       |     6 |       ||     6
       Long sword        |       |     5 |     7 ||    12
 Cast: Magic Dart        |    55 |    93 |     2 ||   150
       Searing Ray       |     3 |     5 |     1 ||     9
       Fulminant Prism   |       |     1 |       ||     1
 Abil: Breathe Lightning |       |       |     1 ||     1
  Use: Scroll            |       |     7 |       ||     7
Armor: Skin              |     6 |     5 |    15 ||    26
Dodge: Dodged            |    16 |     8 |    16 ||    40
